 Dungeon Crawl Stone Soup version 0.31.0-9-g3a7656b989 (console) character file.

Game seed: 14393890457664430939

134 Garrluk the Firebug (level 4, -1/24 HPs)
             Began as a Deep Elf Fire Elementalist on Feb 1, 2024.
             Succumbed to an orc wizard's poison
             ... on level 4 of the Dungeon.
             The game lasted 00:13:43 (1550 turns).

Garrluk the Firebug (Deep Elf Fire Elementalist)    Turns: 1550, Time: 00:13:43

Health: -1/24      AC:  4    Str:  5    XL:     4   Next: 95%
Magic:  5/12       EV: 12    Int: 22    God:
Gold:   122        SH:  0    Dex: 15    Spells: 5/11 levels left

rFire   . . .        i - +3 whip
rCold   . . .        (no shield)
rNeg    . . .        a - +0 robe
rPois   .            k - +0 helmet
rElec   .            (no cloak)
rCorr   .            f - +0 pair of gloves
SInv    .            (no boots)
Will    .....        (no amulet)
Stlth   ++           (no ring)
HPRegen 0.24/turn    (no ring)
MPRegen 0.13/turn

%: no passive effects
@: lethally poisoned (-1 -> -8), invisible
A: no striking features
a: no special abilities


You were on level 4 of the Dungeon.
You visited 1 branch of the dungeon, and saw 4 of its levels.

You collected 122 gold pieces.

Inventory:

Hand Weapons
 e - a +0 dagger of flaming
 i - a +3 whip (weapon)
 p - a +0 dagger of draining
Missiles
 m - 11 poisoned darts
Armour
 a - a +0 robe (worn)
 f - a +0 pair of gloves (worn)
 k - a +0 helmet (worn)
Scrolls
 c - a scroll of enchant weapon {unknown}
 d - 3 scrolls of immolation {unknown}
 g - 2 scrolls of identify {unknown}
 h - a scroll of fear {unknown}
Potions
 b - a potion of magic
 l - a potion of enlightenment {unknown}
 n - a potion of haste {unknown}
 o - a potion of lignification {unknown}


   Skills:
 - Level 2.4 Dodging
 - Level 2.4 Stealth
 + Level 4.3 Spellcasting
 - Level 1.1 Conjurations
 * Level 5.6 Fire Magic


You had 5 spell levels left.
You knew the following spells:

 Your Spells              Type           Power      Damage    Failure   Level
a - Foxfire               Conj/Fire      76%        2x1d7     2%          1
b - Scorch                Fire           58%        2d7       1%          2
c - Volatile Blastmotes   Fire/Tloc      34%        2d12      10%         3

Your spell library contained the following spells:

 Spells                   Type           Power      Damage    Failure   Level
 Inner Flame              Hex/Fire       17%        N/A       10%         3
 Sublimation of Blood     Necr           4%         N/A       16%         2
 Flame Wave               Conj/Fire      19%        2d7       26%         4
 Petrify                  Alch/Erth      4%         N/A       71%         4
 Irradiate                Conj/Alch      3%         3d12      94%         5


Dungeon Overview and Level Annotations

Branches:
Dungeon (4/15)
 Temple: D:4-7

Altars:
Makhleb


Message History

The orc wizard's fire resistance burns away.
You hear a shout!
An orc comes into view. It is wielding a +0 flail.
Casting: Scorch (safe; 1% risk of failure)
Confirm with . or Enter, or press ? or * to list all spells.
You conjure some foxfire!
The orc shouts!
You hear a shout!
An orc comes into view. It is wielding a +0 falchion.
Your foxfire dissipates!
The foxfire hits the orc wizard!
The orc wizard is burned terribly!
The orc wizard is severely wounded.
Casting: Foxfire (safe; 3% risk of failure)
Confirm with . or Enter, or press ? or * to list all spells.
Flames lash the orc.
You kill the orc!
You hear a shout!
The orc wizard is no longer more vulnerable to fire.
Casting: Scorch (safe; 1% risk of failure)
Confirm with . or Enter, or press ? or * to list all spells.
The spell is quite dangerous to miscast (11% risk of failure)!
Continue anyway?
A cloud of volatile blastmotes flares up around you!
Run!
The orc wizard hits you with a +2 dagger of venom.
You are poisoned.
An orc comes into view. It is wielding a +0 mace.
You feel very sick.
The cloud of blastmotes explodes!
The concussive blast engulfs the orc wizard!
You kill the orc wizard!
The concussive blast engulfs you!!
Ouch! That really hurt!
* * * LOW HITPOINT WARNING * * *
You are knocked back by the blast.
Okay, then.
Unknown command.
Unknown command.
* * * LOW HITPOINT WARNING * * *
You feel sick.
It was a potion of invisibility.
You fade into invisibility!
You die...

.# #.# #.# #.#
#.# #.# #.#
#.# # ###.#
#.# #. ...#
#.# #.#
#.####.# . ..#
#......# ...
#.# #.######
#...#)######.#
#..o.o..@..#
#..o##########
##


You could see 3 orcs.

Vanquished Creatures
  Jessica (D:3)
  An orc wizard (D:4)
  2 adders
  2 dart slugs
  A ribbon worm (D:2)
  2 orcs
  6 ball pythons
  4 endoplasms
  A giant cockroach (D:1)
  9 goblins
  4 hobgoblins
  4 jackals (D:3)
  A quokka (D:1)
  6 bats
  3 frilled lizards
  5 kobolds
  3 rats
55 creatures vanquished.

Vanquished Creatures (others)
  83 foxfires
83 creatures vanquished.

Grand Total: 138 creatures vanquished

Notes
Turn   | Place    | Note
-------+----------+-------------------------------------------
     0 | D:1      | Garrluk the Deep Elf Fire Elementalist began the quest for
                  | the Orb.
     0 | D:1      | Reached XP level 1. HP: 10/10 MP: 6/6
   158 | D:1      | Reached XP level 2. HP: 15/15 MP: 4/8
   163 | D:1      | Learned a level 2 spell: Scorch
   174 | D:1      | Reached skill level 4 in Fire Magic
   494 | D:2      | Reached XP level 3. HP: 19/19 MP: 6/10
   581 | D:2      | Learned a level 3 spell: Volatile Blastmotes
   766 | D:2      | Found a faded altar of an unknown god.
  1009 | D:3      | Reached skill level 5 in Fire Magic
  1009 | D:3      | Reached XP level 4. HP: 24/24 MP: 6/11
  1207 | D:3      | Noticed Jessica
  1214 | D:3      | Killed Jessica
  1245 | D:3      | Found a burning altar of Makhleb.
  1549 | D:4      | HP: 1/24 [poisoned by an orc wizard]
  1550 | D:4      | Succumbed to an orc wizard's poison

Illustrated notes

Levels and vault maps discovered:
D:1:      scummos_arrival_gate, layout_loops_corners,
          minmay_misc_feat_nine_boxes
D:2:      layout_basic, hellmonk_ecumenical_altar_zigzags, minmay_octomino_e4
D:3:      layout_loops_cross, lightli_temple_of_fire, serial_park_tiny_pond,
          uniq_jessica
D:4:      layout_loops_ring, chequers_temple_overflow_statue_of_worship,
          minmay_temple_entry_nine_rooms, serial_shops,
          nicolae_inconvenience_store, nicolae_grassy_gnolls, uniq_sigmund

Skill      XL: |  1  2  3  4 |
---------------+-------------+-----
Fire Magic     | 4 5 |  5.6
Spellcasting   | 4 |  4.3
Dodging        | |  2.4
Stealth        | |  2.4
Conjurations   | |  1.1

Action                     |  1- 3 |  4- 6 || total
---------------------------+-------+-------++-------
  Melee: Dagger            |    13 |       ||    13
         Whip              |     5 |     4 ||     9
   Cast: Foxfire           |    44 |    11 ||    55
         Scorch            |     7 |     7 ||    14
         Volatile Blastmot |       |     1 ||     1
    Use: Potion            |       |     1 ||     1
   Stab: Sleeping          |     3 |     1 ||     4
 Armour: Robe              |    17 |     8 ||    25
  Dodge: Dodged            |    21 |     6 ||    27
